 Dungeon Crawl Stone Soup version 0.12.2-8-g1913ee5 (webtiles) character file.

12869 Indrah the Vandal (level 12, -6/83 HPs)
             Began as a Human Hunter on June 22, 2013.
             Was a Believer of Fedhas.
             Mangled by a boulder beetle (32 damage)
             ... on Level 10 of the Dungeon.
             The game lasted 02:13:05 (16396 turns).

Indrah the Vandal (Human Hunter)                   Turns: 16396, Time: 02:13:05

HP  -6/83        AC 25     Str 14      XL: 12   Next: 17%
MP  25/25        EV  8     Int 14      God: Fedhas [**....]
Gold 379         SH  0     Dex 15      Spells:  4 memorised, 18 levels left

Res.Fire  : . . .   See Invis. : .   v - -1,+5 orc battleaxe (freeze)
Res.Cold  : . . .   Warding    : .   n - +0 elf scale mail
Life Prot.: . . .   Conserve   : .   (no shield)
Res.Poison: .       Res.Corr.  : .   K - +1 winged helmet
Res.Elec. : .       Clarity    : .   O - +1 cloak {darkness}
Sust.Abil.: . .     Spirit.Shd : .   p - +2 pair of gauntlets
Res.Mut.  : .       Stasis     : .   T - +1 pair of dwarf boots {run}
Res.Rott. : .       Ctrl.Telep.: .   P - amulet of the gourmand
Gourmand  : +       Flight     : .   x - +5 ring of protection
                                     s - +3 ring of protection

@: quick, somewhat resistant to hostile enchantments, very unstealthy
A: no striking features
a: Evolution, Sunlight, Renounce Religion, Evoke Invisibility


You were on level 10 of the Dungeon.
You worshipped Fedhas.
Fedhas was greatly pleased with you.
You were very full.

You visited 2 branches of the dungeon, and saw 11 of its levels.

You collected 544 gold pieces.
You spent 185 gold pieces at shops.

Inventory:

Hand weapons
 a - a +0 blowgun
 e - a +1,+3 sling
 g - a +2,+1 bow of flame
 h - a cursed +1,+3 long sword of freezing
 o - a -1,+1 orcish whip of flaming
 q - a +1,+2 orcish short sword of chaos
 v - a -1,+5 orcish battleaxe of freezing (weapon)
 z - a cursed -2,+0 orcish whip
 C - a cursed -1,-2 orcish war axe
 E - the +4,+3 trident of Shame {pierce, +Inv rElec Int-2, unknown}
   (You found it on level 9 of the Dungeon)

   It inflicts extra damage upon your enemies.
   It affects your intelligence (-2).
   It insulates you from electricity.
   It lets you turn invisible.
 I - a cursed -2,-3 trident
Missiles
 b - 19 sling bullets
 c - 14 needles of slowing
 d - 37 poisoned needles
 y - 6 sling bullets of frost
 X - a javelin (quivered)
Armour
 n - a +0 elven scale mail (worn)
 p - a +2 pair of gauntlets (worn)
 B - a +2 cloak
 K - a +1 winged helmet (worn)
 O - a +1 cloak of darkness (worn)
 S - the +0 splint mail of the Gravedigger {rElec}
   (You took it off an orc warrior on level 7 of the Dungeon)

   It insulates you from electricity.
 T - a +1 pair of dwarven boots of running (worn)
Magical devices
 t - a wand of fire (7)
 M - a wand of disintegration (10) {unknown}
 U - a wand of digging (17)
 W - a wand of random effects (9)
Comestibles
 f - 6 bread rations
 R - an apple
Scrolls
 m - a scroll of recharging
 r - 2 scrolls of teleportation
 w - a scroll of noise
 D - a scroll of blinking {unknown}
 G - a scroll of vulnerability {unknown}
 H - a scroll of curse jewellery {unknown}
 L - a scroll of fear {unknown}
Jewellery
 k - an uncursed ring of life protection
 s - a +3 ring of protection (left hand)
 x - a +5 ring of protection (right hand)
 P - an amulet of the gourmand (around neck)
 Q - an uncursed ring of protection from fire
Potions
 i - a potion of restore abilities
 j - a potion of agility
 l - 3 potions of curing
 u - a potion of paralysis {unknown}
 A - 2 potions of magic
 F - a potion of might {unknown}
Books
 J - a book of Conjurations

   Spells                             Type                      Level
   Magic Dart                         Conjuration                  1
   Force Lance                        Conjuration                  2
   *Dazzling Spray                    Conjuration/Hexes            3
   Iskenderun's Mystic Blast          Conjuration                  4
   Iskenderun's Battlesphere          Conjuration/Charms           4
   Fulminant Prism                    Conjuration/Hexes            5
 V - a book of Wizardry

   Spells                             Type                      Level
   Summon Elemental                   Summoning                    4
   Agony                              Necromancy                   5
   Lightning Bolt                     Conjuration/Air              5
   Fireball                           Conjuration/Fire             5
   Haste                              Charms                       6
   Invisibility                       Hexes                        6


   Skills:
 - Level 4.6 Fighting
 - Level 7.5 Short Blades
 * Level 5.1 Axes
 + Level 7.8 Slings
 + Level 7.8 Throwing
 + Level 6.3 Armour
 - Level 2.0 Dodging
 - Level 2.1 Stealth
 + Level 3.1 Traps
 * Level 7.6 Spellcasting
 * Level 2.9 Conjurations
 + Level 5.7 Hexes
 - Level 4.9 Translocations
 + Level 3.0 Invocations
 - Level 4.0 Evocations


You had 18 spell levels left.
You knew the following spells:

 Your Spells              Type           Power        Failure   Level  Hunger
a - Blink                 Tloc           N/A          8%          2    None
d - Dazzling Spray        Conj/Hex       ####.....    14%         3    ##.....
q - Corona                Hex            ####....     2%          1    None
s - Slow                  Hex            ####.....    4%          2    None


Dungeon Overview and Level Annotations

Branches:
Dungeon (10/27)            Temple (1/1) D:6             Orc (0/4) D:8
   Lair: D:8-13

Altars:
Ashenzari
Cheibriados
Elyvilon
Fedhas
Kikubaaqudgha
Makhleb
Nemelex Xobeh
Okawaru
Sif Muna
Trog
Vehumet
Xom
Yredelemnul
Zin
the Shining One

Shops:
D:10: [


Message History

The air around you crackles with energy!
The boulder beetle curls into a ball and starts rolling!
You hit the boulder beetle but do no damage.
You hit the boulder beetle but do no damage.
The boulder beetle hits a stone wall.
The boulder beetle stops rolling.
You hit the boulder beetle. You freeze the boulder beetle.
The boulder beetle is lightly wounded.
A nearby toadstool withers and dies.
The boulder beetle closely misses you.
You hit the boulder beetle but do no damage.
The boulder beetle is lightly wounded.
The boulder beetle bites you!
You hit the boulder beetle but do no damage.
The boulder beetle is lightly wounded.
The boulder beetle bites you!
You slash the boulder beetle! You freeze the boulder beetle.
The boulder beetle is moderately wounded.
The boulder beetle bites you! The boulder beetle bites you!
You die...
Fedhas appreciates your contribution to the ecosystem.

#.....%......#############.###..
#............#...#.f.#...#......
#....%.......#...#f..'...#......
##............#...#...#...#......
..............##'#######f##......
..............#...#[.(#...#......
.......#....###...'...#...#......
#.....###...# #B..#:.)#...#......
#.....##...#####@#######'##......
...)......###.#..%#...#...#......
....^....####.#.f.'...')..#......
.#...#######..#...#...#...#......
.##...####....##'##########...##.
.###...##f....##...##........###.
.# ##....f...##...............##.
.# #........#................##)
## ##......##...##....#........)


You could see a boulder beetle.

Vanquished Creatures
  An unseen horror (D:10)
  The ghost of smajdalf the Impaler, an experienced MfGl (D:6)
  3 orc knights (D:7)
  2 ugly things (D:10)
  2 trolls (D:10)
  The ghost of azreal the Vexing, an average SpEn (D:4)
  A wraith (D:10)
  10 yaks
  A hungry ghost (D:7)
  The ghost of smajdalf the Spear-Bearer, an average MfGl (D:3)
  3 hippogriffs
  A manticore (D:10)
  An ice beast (D:10)
  5 phantoms
  5 orc warriors (D:7)
  A rock worm zombie (D:7)
  7 ogres
  A troll zombie (D:7)
  A hippogriff skeleton (D:6)
  8 centaurs
  A troll skeleton (D:7)
  3 yak skeletons
  2 water moccasins
  A centaur zombie (D:7)
  7 giant frogs
  A big kobold (D:10)
  12 wargs (D:7)
  Blork the orc (D:4)
  A two-headed ogre zombie (D:9)
  2 warg zombies (D:7)
  A warg skeleton (D:7)
  2 killer bees
  12 wights
  A killer bee zombie (D:7)
  An ogre zombie (D:5)
  A shadow (D:9)
  9 crimson imps
  Dowan (D:5)
  A goliath beetle (D:7)
  An ogre skeleton (D:5)
  A hound zombie (D:5)
  3 orc wizards
  3 orc priests
  2 hound skeletons
  13 worker ants
  6 iguanas
  4 scorpions
  Jessica (D:2)
  2 jellies
  4 hounds
  6 gnolls
  8 adders
  An iguana zombie (D:9)
  A giant centipede (D:9)
  3 giant mites
  An inept item mimic (D:5)
  3 worms
  A giant eyeball (D:9)
  6 giant geckos
  An ooze (D:2)
  53 orcs
  17 bats
  5 giant cockroaches
  13 goblins
  20 hobgoblins
  9 kobolds
  2 quokkas
  A ball python (D:3)
  7 giant newts
  A hobgoblin skeleton (D:7)
  12 jackals
  16 rats
343 creatures vanquished.

Vanquished Creatures (collateral kills)
  Maurice (D:10)
  A hill giant skeleton (D:9)
  A troll (D:9)
  5 yaks (D:10)
  2 orc warriors
  5 wargs (D:7)
  4 killer bees
  4 wights
  A hound (D:10)
  A crimson imp (D:10)
  A shadow (D:7)
  A quasit (D:10)
  2 worker ants
  2 jellies (D:10)
  An orc wizard (D:10)
  2 orcs (D:10)
  A rat (D:3)
35 creatures vanquished.

Vanquished Creatures (others)
  5 wandering mushrooms
  2 orcs
  A goblin (D:3)
  A kobold (D:6)
  A quokka (D:6)
  An orc skeleton (D:5)
  2 rats
  108 toadstools
121 creatures vanquished.

Grand Total: 499 creatures vanquished

Notes
Turn   | Place    | Note
--------------------------------------------------------------
     0 | D:1      | Indrah, the Human Hunter, began the quest for the Orb.
     0 | D:1      | Reached XP level 1. HP: 16/16 MP: 0/0
    89 | D:1      | Reached XP level 2. HP: 20/22 MP: 1/1
   742 | D:1      | Reached XP level 3. HP: 23/27 MP: 2/2
   894 | D:2      | Noticed Jessica
   907 | D:2      | Killed Jessica
  1202 | D:2      | Reached skill level 1 in Short Blades
  1275 | D:2      | Reached XP level 4. HP: 33/33 MP: 3/3
  1391 | D:2      | Reached skill level 1 in Armour
  1620 | D:2      | Reached skill level 1 in Throwing
  1747 | D:2      | Found a shimmering altar of Xom.
  2182 | D:3      | Reached XP level 5. HP: 39/39 MP: 4/4
  2387 | D:3      | Noticed smajdalf's ghost (average MfGl)
  2921 | D:3      | Killed smajdalf's ghost
  2921 | D:3      | Reached skill level 5 in Slings
  2921 | D:3      | Reached skill level 1 in Spellcasting
  2921 | D:3      | Reached XP level 6. HP: 20/45 MP: 4/6
  3269 | D:4      | Noticed Blork the orc
  3281 | D:4      | Killed Blork the orc
  3290 | D:4      | Reached XP level 7. HP: 49/51 MP: 7/9
  3400 | D:4      | Noticed azreal's ghost (average SpEn)
  4025 | D:4      | Killed azreal's ghost
  4025 | D:4      | Reached XP level 8. HP: 36/57 MP: 12/12
  4291 | D:4      | Learned a level 2 spell: Blink
  4622 | D:5      | Entered Level 5 of the Dungeon
  4659 | D:5      | Reached skill level 1 in Translocations
  5234 | D:5      | Reached XP level 9. HP: 63/63 MP: 15/15
  5327 | D:5      | Noticed Dowan
  5334 | D:5      | Killed Dowan
  5550 | D:6      | Found a staircase to the Ecumenical Temple.
  5613 | Temple   | Entered the Ecumenical Temple
  5689 | Temple   | Became a worshipper of Fedhas Madash
  5746 | D:6      | Found a white marble altar of Elyvilon.
  5904 | D:6      | Reached skill level 5 in Short Blades
  6179 | D:6      | Noticed smajdalf's ghost (experienced MfGl)
  7259 | D:6      | Killed smajdalf's ghost
  7259 | D:6      | Reached skill level 6 in Slings
  7259 | D:6      | Reached skill level 1 in Evocations
  7750 | D:7      | Reached skill level 5 in Throwing
  7750 | D:7      | Reached XP level 10. HP: 66/70 MP: 18/18
  8038 | D:7      | Got a faintly glowing animal skin
  8048 | D:7      | Identified the cursed -5 animal skin of the Trees {rPois rN+} (You found it on level 7 of the Dungeon)
  9054 | D:7      | Acquired Fedhas' first power
  9083 | D:7      | Learned a level 1 spell: Corona
  9103 | D:7      | Noticed an orc knight
  9105 | D:7      | Reached skill level 5 in Spellcasting
  9107 | D:7      | Noticed an orc sorcerer
  9115 | D:7      | Noticed an orange demon
  9116 | D:7      | Noticed a hellwing
  9156 | D:7      | Noticed an orange demon
  9159 | D:7      | Noticed an ice devil
  9529 | D:7      | Reached skill level 1 in Hexes
  9535 | D:7      | Got a heavily runed splint mail
  9821 | D:7      | Noticed an orc knight
  9853 | D:7      | Killed an orc knight
  9976 | D:7      | Reached skill level 7 in Short Blades
 10170 | D:7      | Noticed an orc knight
 10212 | D:7      | Killed an orc knight
 10212 | D:7      | Reached XP level 11. HP: 52/77 MP: 20/22
 10291 | D:7      | Killed an orc knight
 11345 | D:7      | Learned a level 2 spell: Slow
 12079 | D:8      | Reached skill level 1 in Axes
 12290 | D:8      | Found a radiant altar of Vehumet.
 12360 | D:8      | Reached skill level 5 in Armour
 12519 | D:8      | Found a staircase to the Orcish Mines.
 12957 | D:9      | Acquired Fedhas' second power
 13573 | D:9      | Identified the cursed +0 splint mail of the Gravedigger {rElec} (You took it off an orc warrior on level 7 of the Dungeon)
 13930 | D:9      | Reached skill level 1 in Traps
 13948 | D:9      | Reached skill level 1 in Invocations
 14363 | D:9      | Got a twisted trident
 14767 | D:10     | Entered Level 10 of the Dungeon
 14772 | D:10     | Noticed Maurice
 14841 | D:10     | Found Tous Hacef's Armour Emporium.
 14843 | D:10     | Reached skill level 5 in Hexes
 14951 | D:10     | Killed Maurice
 15083 | D:10     | Bought a +1 pair of dwarven boots of running for 185 gold pieces
 15121 | D:10     | Learned a level 3 spell: Dazzling Spray
 15140 | D:10     | Noticed an unseen horror
 15157 | D:10     | Reached XP level 12. HP: 32/83 MP: 23/25
 15163 | D:10     | Killed an unseen horror
 15163 | D:10     | Reached skill level 1 in Conjurations
 16217 | D:10     | Reached skill level 5 in Axes
 16396 | D:10     | Mangled by a boulder beetle

Action                   |  1- 3 |  4- 6 |  7- 9 | 10-12 || total
-------------------------+-------+-------+-------+-------++-------
Melee: Short sword       |    84 |   127 |   313 |   514 ||  1038
       Battleaxe         |       |       |       |   401 ||   401
 Fire: Sling             |    19 |    54 |   183 |   103 ||   359
       Blowgun           |       |       |       |    42 ||    42
Throw: Javelin           |     3 |     7 |    28 |    68 ||   106
       Throwing net      |       |       |       |     2 ||     2
 Cast: Blink             |       |       |    14 |     9 ||    23
       Corona            |       |       |       |   106 ||   106
       Slow              |       |       |       |     7 ||     7
Invok: Evolution         |       |       |       |     8 ||     8
       Sunlight          |       |       |       |     9 ||     9
Evoke: Wand              |       |       |     6 |     5 ||    11
  Use: Scroll            |     3 |     3 |     6 |    13 ||    25
       Potion            |       |     1 |     5 |     4 ||    10
 Stab: Paralysed         |       |     4 |    10 |    17 ||    31
       Confused          |       |     1 |     3 |     1 ||     5
       Petrifying        |       |       |     1 |     2 ||     3
       Held in net/web   |       |       |       |     2 ||     2
       Petrified         |       |       |       |     1 ||     1
       Distracted        |       |       |       |     1 ||     1
